 Dungeon Crawl Stone Soup version 0.26-a0-690-gcb57259078 (webtiles) character file.

Game seed: 18217501665800252696

9 ANON1729 the Slasher (level 2, -2/21 HPs)
             Began as an Octopode Chaos Knight on Oct 24, 2020.
             Was a Plaything of Xom.
             Slain by a queen bee (shapeshifter) (7 damage)
             ... on level 1 of the Dungeon.
             The game lasted 00:00:12 (199 turns).

ANON1729 the Slasher (Octopode Chaos Knight)         Turns: 199, Time: 00:00:12

Health: -2/21      AC:  1    Str: 11    XL:     2   Next: 12%
Magic:  2/2        EV: 13    Int: 14    God:    Xom [..*...]
Gold:   27         SH:  0    Dex: 11    Spells: 1/1 levels left

rFire    . . .     SeeInvis .   a - +0 falchion (chaos)
rCold    . . .     Faith    .   (no shield)
rNeg     . . .     Spirit   .   (helmet restricted)
rPois    .         Reflect  .   (no amulet)
rElec    .         Harm     .   (no ring)
rCorr    .         Rampage  .   (no ring)
MR       .....                  (no ring)
Stlth    ++........             (no ring)
HPRegen  0.07/turn              (no ring)
MPRegen  0.08/turn              (no ring)
                                (no ring)
                                (no ring)

@: no status effects
A: almost no armour, stealthy swim, amphibious, 8 rings, constrict 8, camouflage
1, gelatinous body 1
a: Renounce Religion


You were on level 1 of the Dungeon.
You worshipped Xom.
You were a toy of Xom.
You visited 1 branch of the dungeon, and saw 1 of its levels.

You collected 27 gold pieces.

Inventory:

Hand Weapons
 a - a +0 falchion of chaos (weapon)
Scrolls
 b - a scroll of immolation {unknown}
 d - a scroll of teleportation {unknown}
 e - a scroll of blinking {unknown}
Potions
 c - a potion of degeneration {unknown}
 f - a potion of lignification {unknown}


   Skills:
 + Level 3.2 Fighting
 + Level 3.2 Long Blades
 + Level 2.6 Dodging


You had one spell level left.
You didn't know any spells.
Your spell library was empty.

Dungeon Overview and Level Annotations

Branches:
Dungeon (1/15)

Altars:


Innate Abilities, Weirdness & Mutations

You cannot wear most types of armour.
You are very stealthy in the water. (Stealth+)
You are amphibious.
You can wear up to eight rings at the same time.
You can use your tentacles to constrict eight enemies at once.
Your skin changes colour to match your surroundings (Stealth+).
Your rubbery body absorbs attacks. (AC +1, EV +1)


Message History

The shapeshifter changes into a queen bee!
The bat hits you but does no damage. The rat misses you.
You riposte.
You slash the rat!
You kill the rat!
You hit the queen bee but do no damage. You grab the queen bee.
You constrict the queen bee, but do no damage.
The bat hits you. x2
You hit the queen bee. You burn the queen bee.
The queen bee is lightly wounded.
You constrict the queen bee, but do no damage.
The bat hits you. The queen bee completely misses you.
You hit the queen bee but do no damage.
The queen bee is lightly wounded.
You constrict the queen bee. The bat closely misses you.
The queen bee stings you!
* * * LOW HITPOINT WARNING * * *
A shower of butterflies erupts from you!
The queen bee stings you!
You die...
Xom thinks this is hilarious!

###. #.# #...###.##
##........###
..........##..
.#...........### ###
..........#..#b. .b#
..........##.##y#.##
#.........##.#($@b=#
#........##.###.###.#
###...#####...bbb?..#
.##...(..##.....###..#
)........##.###### ##
.##....).#..#.....
.#.##.>......# #####
.......)....## #...#
....##.#......## #...#


You could see a queen bee shaped shifter and a bat.

Vanquished Creatures
  A goblin (D:1)
  3 hobgoblins (D:1)
  A kobold (D:1)
  A frilled lizard (D:1)
  2 rats (D:1)
8 creatures vanquished.

Notes
Turn   | Place    | Note
-------+----------+-------------------------------------------
     0 | D:1      | ANON1729 the Octopode Chaos Knight began the quest for the
                  | Orb.
     0 | D:1      | Reached XP level 1. HP: 16/16 MP: 1/1
    75 | D:1      | Reached XP level 2. HP: 14/21 MP: 2/2
    84 | D:1      | XOM: silly message
   196 | D:1      | Noticed a shapeshifter
   196 | D:1      | a leopard gecko changed into a shapeshifter
   196 | D:1      | Noticed a queen bee
   196 | D:1      | a shapeshifter changed into a queen bee
   199 | D:1      | XOM: butterfly on damage
   199 | D:1      | Slain by a queen bee (shapeshifter)

Illustrated notes

Levels and vault maps discovered:
D:1:      sevenhm_arrival_forest_fort_small_4, layout_rooms,
          minmay_split_cup_large

Action                   || total
-------------------------++-------
Melee: Falchion          ||    15
       Constrict         ||     4
       Tentacles         ||     2
 Stab: Sleeping          ||     1
Armor: Skin              ||     1
Dodge: Dodged            ||    12
       Rpst.: Falchion   ||     3

Table legend: (Time is in decaauts)
 A = Elapsed time spent in this place.
 B = Non-inter-level travel time spent in this place.
 C = Inter-level travel time spent in this place.
 D = Time resting spent in this place.
 E = Time spent auto-exploring this place.
 F = Levels seen in this place.
 G = Mean time per level.
                   A        B        C        D        E       F      G
               +--------+--------+--------+--------+--------+-----+--------+
         Total |    201 |    201 |      0 |      0 |    162 |   1 |  201.0 |
       Dungeon |    201 |    201 |      0 |      0 |    162 |   1 |  201.0 |
               +--------+--------+--------+--------+--------+-----+--------+

Top non-repeatable levels by time:
     D:1: 201 daAuts
